 Dungeon Crawl Stone Soup version 0.23.1 (webtiles) character file.

Game seed: 16235640238995179329

154 dengdeng the Chopper (level 5, 0/47 HPs)
             Began as a Hill Orc Berserker on Mar 13, 2019.
             Was a Believer of Trog.
             Slain by an adder (1 damage)
             ... on level 3 of the Dungeon.
             The game lasted 00:07:02 (2013 turns).

dengdeng the Chopper (Hill Orc Berserker)           Turns: 2013, Time: 00:07:02

Health: 0/47       AC:  7    Str: 21    XL:     5   Next: 36%
Magic:  5/5        EV: 10    Int:  7    God:    Trog [**....]
Gold:   125        SH:  0    Dex: 10    Spells: 4/4 levels left

rFire    . . .     SeeInvis .   p - -3 whip (curse)
rCold    . . .     Gourm    .   (no shield)
rNeg     . . .     Faith    .   k - +0 scale mail
rPois    .         Spirit   .   (no helmet)
rElec    .         Reflect  .   (no cloak)
rCorr    .         Harm     +   (no gloves)
MR       .....                  (no boots)
Stlth    ..........             j - amulet of harm
HPRegen  0.15/turn              (no ring)
MPRegen  0.09/turn              (no ring)

@: lethally poisoned (0 -> -7), berserk cooldown, slowed, very slow
A: no striking features
a: Berserk, Trog's Hand, Renounce Religion


You were on level 3 of the Dungeon.
You worshipped Trog.
Trog was pleased with you.
You were very hungry.

You visited 1 branch of the dungeon, and saw 3 of its levels.

You collected 125 gold pieces.

Inventory:

Hand Weapons
 a - a +0 hand axe
 m - a +4 whip
 p - a cursed -3 whip (weapon)
Missiles
 d - 94 stones (quivered)
Armour
 k - a +0 scale mail (worn)
Jewellery
 j - an amulet of harm (around neck)
Scrolls
 e - 2 scrolls of identify {unknown}
 g - 3 scrolls of fog {unknown}
 h - 2 scrolls of blinking {unknown}
 i - a scroll of enchant weapon {unknown}
Potions
 b - 3 potions of brilliance {unknown}
 f - 2 potions of agility
 l - 2 potions of degeneration {unknown}
 n - a potion of resistance {unknown}
 o - a potion of mutation {unknown}
 q - a potion of flight {unknown}
Comestibles
 c - 3 rations


   Skills:
 + Level 4.6 Fighting
 + Level 5.4 Axes
 + Level 0.1(2.6) Maces & Flails
 * Level 4.0 Armour
 + Level 1.9 Dodging
 + Level 0.1 Stealth


You had 4 spell levels left.
You didn't know any spells.
Your spell library was empty.

Dungeon Overview and Level Annotations

Branches:
Dungeon (3/15)

Altars:

Annotations:
D:3 Robin


Message History

You kill the hobgoblin!
Trog accepts your kill.
You are no longer berserk.
You are exhausted.
You feel yourself slow down.
* * * LOW HITPOINT WARNING * * *
You feel sick. The adder closely misses you.
The goblin hits you with a cursed +0 club.
* * * LOW HITPOINT WARNING * * *
You barely miss the orc.
* * * LOW HITPOINT WARNING * * *
You feel sick.
The goblin no longer looks unusually strong.
The adder closely misses you. The goblin closely misses you.
The orc barely misses you. The adder bites you but does no damage.
The goblin hits you but does no damage. x2; The orc closely misses you.
You hit the orc but do no damage.
* * * LOW HITPOINT WARNING * * *
You feel sick. The adder bites you.
You die...

##.# #.. #.#
######.####
#.........#####
#...<..%.......
#....?gg..#####
#....gSgg.#
....###.#@###
..... [?.#o#
.... ###.ggg
.## ......
#...♣..
#..♣.♣.. #.♣ _
♣.# #. . ..


You could see Robin, an adder, an orc, 2 hobgoblins and 5 goblins.

Vanquished Creatures
  Natasha (thrice) (D:2)
  2 adders
  2 dart slugs (D:1)
  3 leopard geckos
  An orc (D:3)
  A bat (D:1)
  5 giant cockroaches
  9 goblins
  4 hobgoblins
  2 jackals (D:2)
  A quokka (D:2)
  3 ball pythons
  A frilled lizard (D:2)
  8 kobolds
  7 rats
52 creatures vanquished.

Notes
Turn   | Place    | Note
-------+----------+-------------------------------------------
     0 | D:1      | dengdeng the Hill Orc Berserker began the quest for the
                  | Orb.
     0 | D:1      | Reached XP level 1. HP: 19/19 MP: 1/1
   213 | D:1      | Reached XP level 2. HP: 20/27 MP: 2/2
   700 | D:1      | Reached XP level 3. HP: 33/33 MP: 3/3
  1112 | D:2      | Reached ** piety under Trog
  1253 | D:2      | Noticed Natasha
  1270 | D:2      | Killed Natasha
  1270 | D:2      | Reached skill level 5 in Axes
  1270 | D:2      | Reached XP level 4. HP: 41/41 MP: 4/4
  1447 | D:2      | Noticed Natasha
  1453 | D:2      | Killed Natasha
  1582 | D:2      | Noticed Natasha
  1595 | D:2      | Killed Natasha
  1595 | D:2      | Reached XP level 5. HP: 37/47 MP: 5/5
  1985 | D:3      | Noticed Robin
  1987 | D:3      | Found a faded altar of an unknown god.
  2012 | D:3      | HP: 2/47 [poisoned by an adder]
  2013 | D:3      | Slain by an adder

Skill      XL: |  1  2  3  4  5 |
---------------+----------------+-----
Fighting       | 4 |  4.6
Axes           | 5 |  5.4
Armour         | 3 4 |  4.0
Maces & Flails | |  0.1
Dodging        | |  1.9
Stealth        | |  0.1

Action                   |  1- 3 |  4- 6 || total
-------------------------+-------+-------++-------
Melee: Hand axe          |    81 |     2 ||    83
       Whip              |       |    82 ||    82
Throw: Stone             |     5 |       ||     5
Invok: Berserk           |     1 |     2 ||     3
  Eat: Chunk             |       |     5 ||     5
Armor: Ring mail         |     7 |       ||     7
       Scale mail        |    12 |    51 ||    63
Dodge: Dodged            |    53 |    83 ||   136
